 Dungeon Crawl Stone Soup version 0.17-b1-25-g6d8775f (webtiles) character file.

122 M4edhros the Magician (level 5, 0/31 HPs)
             Began as an Octopode Wanderer on Nov 5, 2015.
             Slain by an ogre
             ... wielding a +0 giant club
              (22 damage)
             ... on level 4 of the Dungeon.
             The game lasted 00:05:08 (1831 turns).

M4edhros the Magician (Octopode Wanderer)           Turns: 1831, Time: 00:05:08

Health: 0/31       AC:  6    Str: 10      XL:     5   Next: 6%
Magic:  12/12      EV: 10    Int: 13      God:
Gold:   100        SH:  3    Dex: 13 (15) Spells: 3 memorised, 7 levels left

rFire  . . .     SeeInvis .     t - +3 dagger (protect)
rCold  . . .     Clarity  .     p - +0 buckler
rNeg   . . .     SustAt   .     (helmet restricted)
rPois  .         Gourm    .     r - amulet of faith
rElec  .         Spirit   .     (no ring)
rCorr  .         Warding  .     (no ring)
rMut   .         Stasis   .     (no ring)
MR     .....                    (no ring)
Stlth  +++.......               (no ring)
                                (no ring)
                                (no ring)
                                (no ring)

@: not resistant to hostile enchantments, fairly stealthy
A: almost no armour, amphibious, 8 rings, constrict 8, camouflage 1, gelatinous
body 1
a: no special abilities


You were on level 4 of the Dungeon.
You were near starving.

You visited 1 branch of the dungeon, and saw 4 of its levels.

You collected 100 gold pieces.

Inventory:

Hand Weapons
 d - a +0 dagger
 k - a +0 spear
 t - a +3 dagger of protection (weapon)
Missiles
 i - 12 sling bullets
Armour
 p - a +0 buckler (worn)
Jewellery
 r - an amulet of faith (around mantle)
Scrolls
 c - a scroll of teleportation
 l - a scroll of remove curse
 m - a scroll of enchant weapon
Potions
 b - 2 potions of curing
 g - 2 potions of heal wounds
 j - 2 potions of lignification {unknown}
Books
 a - a book of Minor Magic

   Spells                             Type                      Level
   a - Magic Dart                     Conjuration                  1
   b - Blink                          Translocation                2
   c - Call Imp                       Summoning                    2
   d - Repel Missiles                 Charms/Air                   2
   e - Slow                           Hexes                        2
   f - Conjure Flame                  Conjuration/Fire             3
   g - Mephitic Cloud                 Conjuration/Poison/Air       3
Comestibles
 e - 3 bread rations
 f - 3 meat rations
 h - a slice of pizza


   Skills:
 - Level 0.2 Polearms
 - Level 0.2 Dodging
 + Level 3.3 Stealth
 * Level 0.6 Shields
 * Level 4.8 Spellcasting
 * Level 1.3 Conjurations
   Level 3.0 Hexes
 + Level 1.2 Charms
 * Level 0.8 Air Magic
 * Level 1.2 Poison Magic
   Level 1.1 Evocations


You had 7 spell levels left.
You knew the following spells:

 Your Spells              Type           Power        Failure   Level  Hunger
a - Magic Dart            Conj           #...         17%         1    None
b - Mephitic Cloud        Conj/Pois/Air  #.......     65%         3    ###....
c - Repel Missiles        Chrm/Air       #.....       30%         2    ##.....


Dungeon Overview and Level Annotations

Branches:
Dungeon (4/15)
 Temple: D:4-7

Altars:
Ashenzari


Innate Abilities, Weirdness & Mutations

You cannot wear most types of armour.
You are amphibious.
You can wear up to eight rings at the same time.
You can use your tentacles to constrict eight enemies at once.
Your skin changes colour to match your surroundings (Stealth).
Your rubbery body absorbs attacks (AC +1).


Message History

An ogre comes into view. It is wielding a giant club.
You start resting.
HP restored.
The helpless ogre fails to defend itself.
You puncture the ogre! You squeeze the ogre!
The ogre is severely wounded.
The ogre completely misses you.
You hit the ogre. You squeeze the ogre.
The ogre is almost dead.
The ogre hits you with a giant club!
You barely miss the ogre.
The ogre is almost dead.
You barely miss the ogre.
The ogre is almost dead.
The ogre barely misses you.
You barely miss the ogre.
The ogre is almost dead.
The ogre hits you with a giant club!!
Ouch! That really hurt!
You die...

.#
#####.#
#..<#.#
#.###.#
#...#.#
#†#.#.#
###.#.#
#...@O#
#.#.).#
#.#...#
# #.#.#
#.#.#
###.#
.# ..


You could see an ogre.

Vanquished Creatures
  A scorpion (D:4)
  Jessica (D:3)
  An adder (D:3)
  An ooze (D:3)
  A worm (D:2)
  2 giant geckos
  An orc (D:3)
  2 giant cockroaches
  2 goblins
  2 hobgoblins
  7 bats
  5 giant newts
  3 kobolds
  7 rats
36 creatures vanquished.

Vanquished Creatures (others)
  An orc priest (D:4)
  An orc wizard (D:4)
  A centaur skeleton (D:4)
  An orc (D:4)
4 creatures vanquished.

Grand Total: 40 creatures vanquished

Notes
Turn   | Place    | Note
--------------------------------------------------------------
     0 | D:1      | M4edhros the Octopode Wanderer began the quest for the Orb.
     0 | D:1      | M4edhros set off with: a book of Minor Magic, a potion of curing, a scroll of teleportation, a +0 dagger, a bread ration
     0 | D:1      | Reached XP level 1. HP: 11/11 MP: 5/5
     2 | D:1      | Learned a level 1 spell: Magic Dart
   147 | D:1      | Found a shattered altar of Ashenzari.
   267 | D:1      | Reached XP level 2. HP: 17/17 MP: 7/7
   885 | D:2      | Reached XP level 3. HP: 18/21 MP: 8/8
  1009 | D:2      | Learned a level 3 spell: Mephitic Cloud
  1012 | D:2      | Learned a level 2 spell: Repel Missiles
  1087 | D:3      | HP: 1/21 [ooze (2)]
  1388 | D:3      | Noticed Jessica
  1506 | D:3      | Killed Jessica
  1506 | D:3      | Reached skill level 1 in Conjurations
  1506 | D:3      | Reached XP level 4. HP: 23/27 MP: 10/10
  1546 | D:4      | Reached skill level 1 in Poison Magic
  1546 | D:4      | Reached XP level 5. HP: 13/31 MP: 12/12
  1753 | D:4      | Noticed an ogre
  1831 | D:4      | Slain by an ogre

Action                   |  1- 3 |  4- 6 || total
-------------------------+-------+-------++-------
Melee: Spear             |    60 |       ||    60
       Dagger            |    25 |    15 ||    40
  Use: Potion            |     7 |       ||     7
       Scroll            |     4 |       ||     4
 Stab: Sleeping          |    15 |     2 ||    17
  Eat: Chunk             |     2 |       ||     2
